AoeStats
← _The_Lion

Arabia

506562683Analyzed
1v1 RM · 20d ago on Sep 14, 2026· 22m 25s· 2 players
Game mode
Random Map
Map size
Tiny (2 player)
Population
200
Speed
Normal
Resources
Standard
Victory
Conquest
Starting age
Dark Age
Ending age
Imperial Age
RankedLock teamsTeams togetherTeam positionsShared explorationLock speedFull tech treeHidden civsTurbo modeCheats
Victory
Defeat
🇨🇦 Malay · Canada
1694
+16
🇲🇽 Lithuanians · Mexico
1700
-16
_The_Lion
6:58 Loom
9:23 Feudal Age
8:59 Man-at-Arms
16:53 Fletching
18:39 Double-Bit Axe
23:14 Castle Age
22:20 Gold Mining
22:14 Horse Collar
22:51 Bodkin Arrow
22:19 Crossbowman
Yanez
5:11 Loom
8:50 Feudal Age
9:25 Double-Bit Axe
10:39 Horse Collar
17:55 Wheelbarrow
22:25 Castle Age
22:02 Scale Barding Armor
22:07 Forging
Connection lost

Rejoining the realm…

Still unreachable

The connection could not be restored.

Session expired

The server has moved on; the page needs a fresh start.